 Dungeon Crawl Stone Soup version 0.20-a0-303-g575bbf7 (webtiles) character file.

4239 Eviona the Thaumaturge (level 10, -8/50 HPs)
             Began as a Deep Elf Conjurer on Dec 16, 2016.
             Was an Elder of Sif Muna.
             Killed from afar by an electric eel (14 damage)
             ... with a bolt of electricity
             ... on level 8 of the Dungeon.
             The game lasted 00:35:16 (10293 turns).

Eviona the Thaumaturge (Deep Elf Conjurer)         Turns: 10293, Time: 00:35:17

Health: -8/50      AC:  5    Str:  5    XL:     10   Next: 9%
Magic:  19/28      EV: 13    Int: 24    God:    Sif Muna [****..]
Gold:   427        SH:  0    Dex: 15    Spells: 8/34 levels left

rFire  . . .     SeeInvis .     J - staff of death
rCold  . . .     Gourm    .     N - +1 robe
rNeg   + . .     Faith    .     (no shield)
rPois  .         Spirit   .     w - +0 helmet
rElec  .         Reflect  .     A - +0 cloak
rCorr  .         Harm     .     (no gloves)
MR     +....                    (no boots)
Stlth  +++.......               (no amulet)
                                (no ring)
                                (no ring)

@: repel missiles, divine energy
A: no striking features
a: Stop Divine Energy, Channel Magic, Forget Spell, Renounce Religion


You were on level 8 of the Dungeon.
You worshipped Sif Muna.
Sif Muna was greatly pleased with you.
You were not hungry.

You visited 2 branches of the dungeon, and saw 9 of its levels.

You collected 427 gold pieces.

Inventory:

Hand Weapons
 y - a +2 short sword of holy wrath
Missiles
 i - 3 throwing nets (quivered)
Armour
 a - a +0 robe
 w - a +0 helmet (worn)
 A - a +0 cloak (worn)
 N - a +1 robe (worn)
Magical Staves
 J - an uncursed staff of death (weapon)
Jewellery
 l - a cursed ring of teleportation {unknown}
 r - an uncursed ring of protection from magic {unknown}
 t - a +1 ring of evasion {unknown}
 F - an uncursed ring of fire {unknown}
Wands
 s - a wand of acid (1/15)
 O - a wand of digging (12/24)
Scrolls
 d - 3 scrolls of fog {unknown}
 j - a scroll of enchant weapon {unknown}
 m - 3 scrolls of identify {unknown}
 n - 3 scrolls of immolation {unknown}
 o - 3 scrolls of enchant armour {unknown}
 p - a scroll of teleportation {unknown}
 q - 6 scrolls of remove curse {unknown}
 z - a scroll of magic mapping {unknown}
 D - a scroll of random uselessness {unknown}
 H - 3 scrolls of recharging {unknown}
 L - a scroll of fear {unknown}
Potions
 e - 3 potions of brilliance {unknown}
 f - 3 potions of might {unknown}
 h - a potion of degeneration {unknown}
 k - 2 potions of flight {unknown}
 u - a potion of curing {unknown}
 v - 2 potions of cancellation {unknown}
 x - 2 potions of heal wounds {unknown}
 C - 2 potions of magic {unknown}
 I - a potion of lignification {unknown}
 M - a potion of resistance {unknown}
Books
 b - a book of Conjurations

   Spells                             Type                      Level
   a - Magic Dart                     Conjuration                  1
   b - Searing Ray                    Conjuration                  2
   c - Dazzling Spray                 Conjuration/Hexes            3
   d - Fulminant Prism                Conjuration/Hexes            4
   e - Iskenderun's Mystic Blast      Conjuration                  4
   f - Iskenderun's Battlesphere      Conjuration/Charms           5
 B - a book of Minor Magic

   Spells                             Type                      Level
   a - Magic Dart                     Conjuration                  1
   b - Blink                          Translocation                2
   c - Call Imp                       Summoning                    2
   d - Repel Missiles                 Charms/Air                   2
   e - Slow                           Hexes                        2
   f - Conjure Flame                  Conjuration/Fire             3
   g - Mephitic Cloud                 Conjuration/Poison/Air       3
 E - the Papyrus of Noxious Calling
   (You found it on level 5 of the Dungeon)

   Spells                             Type                      Level
   a - Sting                          Conjuration/Poison           1
   b - Call Imp                       Summoning                    2
   c - Summon Mana Viper              Hexes/Summoning              5
   d - Summon Demon                   Summoning                    5
   e - Shadow Creatures               Summoning                    6
 G - a book of Battle

   Spells                             Type                      Level
   a - Infusion                       Charms                       1
   b - Shroud of Golubria             Charms/Translocation         2
   c - Song of Slaying                Charms                       2
   d - Spectral Weapon                Hexes/Charms                 3
   e - Regeneration                   Charms/Necromancy            3
Comestibles
 c - 4 bread rations
 g - 5 meat rations


   Skills:
 - Level 2.4 Dodging
 - Level 6.0 Stealth
 + Level 12.6 Spellcasting
 - Level 10.8 Conjurations
 - Level 6.1 Charms


You had 8 spell levels left.
You knew the following spells:

 Your Spells              Type           Power        Failure   Level  Hunger
a - Magic Dart            Conj           ####         1%          1    None
b - Searing Ray           Conj           ######       1%          2    None
c - Iskenderun's Battles  Conj/Chrm      ######..     3%          5    ###....
d - Call Imp              Summ           ###.....     8%          2    None
e - Blink                 Tloc           N/A          8%          2    None
f - Iskenderun's Mystic   Conj           ######..     1%          4    None
g - Shroud of Golubria    Chrm/Tloc      ####......   1%          2    None
h - Repel Missiles        Chrm/Air       ####..       1%          2    None
i - Regeneration          Chrm/Necr      #####.....   3%          3    None
j - Mephitic Cloud        Conj/Pois/Air  ####....     2%          3    None


Dungeon Overview and Level Annotations

Branches:
Dungeon (8/15)             Temple (1/1) D:4
   Lair: D:8-11

Altars:
Ashenzari
Cheibriados
Dithmenos
Elyvilon
Fedhas
Gozag
Hepliaklqana
Kikubaaqudgha
Makhleb
Nemelex Xobeh
Okawaru
Qazlal
Ru
Sif Muna
Trog
Uskayaw
Vehumet
Xom
Yredelemnul
Zin
The Shining One

Shops:
D:5 [   D:6 ?

Annotations:
D:6 Jivvin's ghost, novice DsNe


Message History

Your battlesphere fires!
The barrage of energy hits the hound.
You kill the hound!
Sif Muna accepts your kill.
The electric eel shoots out a bolt of lightning at you!
The bolt of electricity hits the electric eel.
The electric eel completely resists.
The bolt of electricity misses you.
The electric eel shoots out a bolt of lightning at you!
The bolt of electricity hits you! x2
* * * LOW HITPOINT WARNING * * *
The electric eel shoots out a bolt of lightning at you!
The bolt of electricity hits the electric eel.
The electric eel completely resists.
The bolt of electricity hits your battlesphere.
Your battlesphere completely resists.
The bolt of electricity hits you!
* * * LOW HITPOINT WARNING * * *
The electric eel shoots out a bolt of lightning at you!
The bolt of electricity hits you!
You die...

..## .$.## ....###
##....... #........ ..
#.......≈
#...######....≈..≈
#......#..*..%≈≈≈≈
#.......@...≈h≈≈≈≈ #
#....###......≈h≈% ###.
##... #...≈≈≈.≈≈≈ ...#
##...### ##....≈;;≈.
#..##......####..≈≈≈≈≈h≈
#.................≈≈≈≈.
##.(.)..##.........≈≈≈
##...)########...≈≈≈≈≈
##.....# #........≈


You could see 2 hounds, 2 electric eels and a friendly battlesphere.

Vanquished Creatures
  Pikel (D:7)
  Prince Ribbit (D:6)
  A hippogriff (D:7)
  A hungry ghost (D:8)
  4 slaves (D:7)
  An ice beast (D:7)
  A black bear (D:6)
  A necrophage (D:7)
  6 ogres
  A wolf (D:8)
  A centaur (D:6)
  A sky beast (D:7)
  A big kobold (D:8)
  5 bullfrogs
  A gnoll sergeant (D:6)
  A wyvern skeleton (D:7)
  A scorpion (D:5)
  6 killer bees
  6 wights (D:7)
  A quasit (D:6)
  2 bullfrog zombies
  3 jellies
  A hound (D:8)
  3 bullfrog skeletons
  2 orc priests
  A gnoll shaman (D:5)
  5 orc wizards
  Ijyb (D:2)
  5 iguanas
  5 worker ants
  2 hound zombies
  A hound skeleton (D:4)
  Robin (D:4)
  5 gnolls
  A howler monkey skeleton (D:5)
  11 adders
  2 shadow imps
  An ooze (D:4)
  An adder skeleton (D:7)
  4 worms (D:2)
  A dart slug (D:1)
  6 leopard geckos
  16 orcs
  2 giant cockroaches
  13 goblins
  9 hobgoblins
  13 jackals
  9 quokkas
  13 bats
  3 frilled lizards
  A jackal skeleton (D:4)
  10 kobolds
  A leopard gecko skeleton (D:5)
  A quokka skeleton (D:4)
  6 rats
203 creatures vanquished.

Vanquished Creatures (others)
  A hound (D:8)
1 creature vanquished.

Grand Total: 204 creatures vanquished

Notes
Turn   | Place    | Note
-------+----------+-------------------------------------------
     0 | D:1      | Eviona the Deep Elf Conjurer began the quest for the Orb.
     0 | D:1      | Reached XP level 1. HP: 10/10 MP: 6/6
   258 | D:1      | Reached XP level 2. HP: 15/15 MP: 0/8
   332 | D:1      | Reached skill level 5 in Conjurations
   878 | D:1      | Learned a level 2 spell: Searing Ray
   924 | D:2      | Found a shadowy altar of Dithmenos.
   958 | D:2      | Reached XP level 3. HP: 19/19 MP: 4/9
  1161 | D:2      | Noticed Ijyb
  1168 | D:2      | Killed Ijyb
  1168 | D:2      | Reached XP level 4. HP: 22/24 MP: 3/10
  1525 | D:2      | Found a hide-covered altar of Uskayaw.
  1525 | D:2      | Found a radiant altar of Vehumet.
  1526 | D:2      | Found a snail-covered altar of Cheibriados.
  2490 | D:3      | Reached XP level 5. HP: 21/28 MP: 4/11
  2968 | D:3      | Learned a level 5 spell: Iskenderun's Battlesphere
  3119 | D:4      | Found a staircase to the Ecumenical Temple.
  3129 | Temple   | Entered the Ecumenical Temple
  3263 | Temple   | Became a worshipper of Sif Muna the Loreminder
  3378 | D:4      | Reached skill level 1 in Charms
  3663 | D:4      | Noticed Robin
  3667 | D:4      | Killed Robin
  4207 | D:4      | Reached XP level 6. HP: 32/32 MP: 3/12
  4546 | D:4      | Reached skill level 5 in Charms
  5005 | D:5      | Entered Level 5 of the Dungeon
  5229 | D:5      | Reached XP level 7. HP: 36/36 MP: 9/13
  5388 | D:5      | Reached skill level 5 in Stealth
  5543 | D:5      | Found Uneproask's Armour Boutique.
  5573 | D:5      | Reached * piety under Sif Muna
  5655 | D:5      | Identified the Papyrus of Noxious Calling
  6073 | D:5      | Learned a level 2 spell: Call Imp
  6212 | D:5      | Learned a level 2 spell: Blink
  6465 | D:6      | Noticed Jivvin's ghost (novice DsNe)
  7114 | D:6      | Found Pummenk's Magic Scroll Shop.
  7156 | D:6      | Reached XP level 8. HP: 41/41 MP: 6/14
  7448 | D:6      | Noticed Prince Ribbit
  7511 | D:6      | Reached skill level 10 in Conjurations
  7579 | D:6      | Reached ** piety under Sif Muna
  7685 | D:6      | Killed Prince Ribbit
  8078 | D:7      | Reached skill level 4 in Spellcasting
  8252 | D:7      | Reached skill level 5 in Spellcasting
  8533 | D:7      | Reached skill level 6 in Spellcasting
  8533 | D:7      | Reached XP level 9. HP: 10/45 MP: 10/20
  8733 | D:7      | Learned a level 4 spell: Iskenderun's Mystic Blast
  8736 | D:7      | Learned a level 2 spell: Shroud of Golubria
  8739 | D:7      | Learned a level 2 spell: Repel Missiles
  8784 | D:7      | Reached skill level 7 in Spellcasting
  8983 | D:7      | Reached *** piety under Sif Muna
  8983 | D:7      | Reached skill level 8 in Spellcasting
  9220 | D:7      | Learned a level 3 spell: Regeneration
  9227 | D:7      | Reached skill level 9 in Spellcasting
  9303 | D:7      | Noticed Pikel
  9377 | D:7      | Killed Pikel
  9377 | D:7      | Reached skill level 10 in Spellcasting
  9597 | D:7      | Reached skill level 11 in Spellcasting
  9679 | D:7      | Found an iron altar of Okawaru.
  9819 | D:7      | Learned a level 3 spell: Mephitic Cloud
  9822 | D:8      | Reached **** piety under Sif Muna
  9969 | D:8      | Reached skill level 12 in Spellcasting
  9973 | D:8      | Reached XP level 10. HP: 16/50 MP: 11/28
 10293 | D:8      | Killed from afar by an electric eel

Vault maps used:
D:1:      dpeg_arrival_arbitrary_a
D:2:      mumra_celtic_spiral_tile, nicolae_dithmenos_shadow_blocks,
          gammafunk_temple_overflow_claw, uniq_iyjb
D:3:      first_bread
D:4:      uniq_robin
D:5:      serial_shops, nicolae_shop_temple_entry_statues_fountains
D:6:      serial_shops, shop_statue, uniq_prince_ribbit1
D:7:      basic_altar, minmay_joined_circles, uniq_pikel
D:8:      erik_lair_island
Temple:   minmay_crystal_spiral_temple

Skill      XL: |  1  2  3  4  5  6  7  8  9 |
---------------+----------------------------+-----
Conjurations   | 5 6 7 9 10 | 10.8
Charms         | 3 6 |  6.1
Stealth        | 4 6 |  6.0
Spellcasting   | 6 12 | 12.6
Dodging        | |  2.4

Action                   |  1- 3 |  4- 6 |  7- 9 | 10-12 || total
-------------------------+-------+-------+-------+-------++-------
Melee: Unarmed           |     3 |     3 |       |       ||     6
       Short sword       |       |       |     2 |       ||     2
 Cast: Magic Dart        |    59 |   140 |   205 |    15 ||   419
       Searing Ray       |     4 |    23 |     2 |     1 ||    30
       Iskenderun's Batt |       |     2 |    37 |     4 ||    43
       Blink             |       |       |     2 |       ||     2
       Iskenderun's Myst |       |       |     9 |       ||     9
       Shroud of Golubri |       |       |     5 |       ||     5
       Call Imp          |       |       |     1 |       ||     1
       Repel Missiles    |       |       |     1 |       ||     1
Invok: Divine Energy     |       |       |     1 |       ||     1
  Eat: Chunk             |     1 |    13 |    21 |     2 ||    37
       Meat ration       |       |       |     1 |       ||     1
Armor: Robe              |     1 |     4 |    30 |       ||    35
Dodge: Dodged            |     4 |    38 |    69 |     2 ||   113
